 Dungeon Crawl Stone Soup version 0.18-a0-1778-gadce9fa (webtiles) character file.

1060 4thArraOfDagon the Grappler (level 8, -6/67 HPs)
             Began as a Troll Earth Elementalist on Apr 16, 2016.
             Was a Believer of Qazlal.
             Shot themself with a blast of ice (20 damage)
             ... on level 5 of the Dungeon.
             The game lasted 00:05:28 (936 turns).

4thArraOfDagon the Grappler (TrEE)                   Turns: 936, Time: 00:05:29

Health: -6/67      AC:  6    Str: 17    XL:     8   Next: 6%
Magic:  4/10       EV:  9    Int: 13    God:    Qazlal [**....]
Gold:   111        SH:  2    Dex: 10    Spells: 1 memorised, 7 levels left

rFire  . . .     SeeInvis .       - Unarmed
rCold  . . .     Gourm    +     a - +0 robe
rNeg   . . .     Faith    .     (no shield)
rPois  .         Spirit   .     b - +1 hat
rElec  .         Dismiss  .     (no cloak)
rCorr  .         Reflect  .     (gloves unavailable)
SustAt .         Harm     .     (boots unavailable)
MR     .....                    (no amulet)
Stlth  +.........               (no ring)
                                (no ring)

@: very slightly contaminated, invisible (expiring), not resistant to hostile
enchantments, very unstealthy
A: unfitting armour, claws 3, fast metabolism 3, gourmand, regeneration 2,
shaggy fur 1, tough skin 2
a: Upheaval, Renounce Religion


You were on level 5 of the Dungeon.
You worshipped Qazlal.
Qazlal was pleased with you.
You were full.

You visited 1 branch of the dungeon, and saw 5 of its levels.

You collected 111 gold pieces.

Inventory:

Hand Weapons
 q - a +1 giant spiked club
Armour
 a - a +0 robe (worn)
 b - a +1 hat (worn)
Scrolls
 e - a scroll of fog
 f - a scroll of teleportation
Potions
 g - a potion of cure mutation {unknown}
 h - a potion of beneficial mutation
 j - a potion of haste
 o - a potion of ambrosia
 p - 2 potions of flight
Comestibles
 d - 5 bread rations


   Skills:
 - Level 1.5 Dodging
 - Level 1.1 Stealth
 * Level 8.1 Unarmed Combat
 - Level 1.2 Spellcasting
 - Level 0.6 Transmutations
 - Level 2.6 Earth Magic
 + Level 4.0 Invocations


You had 7 spell levels left.
You knew the following spells:

 Your Spells              Type           Power        Failure   Level  Hunger
b - Passwall              Trmt/Erth      #.........   24%         2    ###....


Dungeon Overview and Level Annotations

Branches:
Dungeon (5/15)             Temple (0/1) D:4

Altars:
Qazlal


Innate Abilities, Weirdness & Mutations

You are too large for most types of armour.
You have claws for hands.
Your metabolism is lightning-fast.
You like to eat raw meat.
You heal very quickly.
You are covered in fur (AC +1).
You have very tough skin (AC +2).


Message History

Pikel hits you with a whip of flaming.
* * * LOW HITPOINT WARNING * * *
Pikel burns you.
* * * LOW HITPOINT WARNING * * *
A slave comes into view.
Unknown command.
Unknown command.
Aiming: Upheaval
Press: ? - help, Dir - move target cursor, f/p - Pikel
Aim: Pikel, wielding a whip of flaming and wearing a glowing robe (severely wounded, berserk, fast, unusually strong) That beam is likely to hit you.
Continue anyway?
A blizzard blasts the area with ice!
The blast of ice hits Pikel.
You kill Pikel!
Qazlal accepts your kill.
Your Unarmed Combat skill gained 2 levels and is now at level 8!
Your Invocations skill increases to level 4!
You have reached level 8!
The blast of ice hits you!
You die...

##...%............#.#.######
############.....#...#
########..# #.># ##.# #.#
#########.# #.).....p.#
#@######### ###


You could see a slave (wandering).

Vanquished Creatures
  Pikel (D:5)
  An ice beast (D:5)
  A phantom (D:5)
  An ogre (D:4)
  Blork the orc (D:5)
  A scorpion (D:4)
  A howler monkey (D:4)
  Jessica (D:3)
  An iguana (D:4)
  2 worker ants (D:4)
  4 adders (D:3)
  An ooze (D:1)
  A worm (D:4)
  A dart slug (D:5)
  A giant gecko (D:2)
  6 orcs
  A bat (D:3)
  A giant cockroach (D:1)
  5 goblins (D:1)
  A hobgoblin (D:3)
  6 jackals (D:3)
  A quokka (D:4)
  3 giant newts (D:1)
  3 kobolds
  3 rats (D:1)
49 creatures vanquished.

Notes
Turn   | Place    | Note
--------------------------------------------------------------
     0 | D:1      | 4thArraOfDagon the Troll Earth Elementalist began the quest for the Orb.
     0 | D:1      | Reached XP level 1. HP: 16/16 MP: 1/1
     0 | D:1      | tree
     0 | D:1      | 4thArraOfDagon: tree
    73 | D:1      | Reached skill level 1 in Unarmed Combat
   102 | D:2      | Found a faded altar to an unknown god.
   110 | D:2      | Became a worshipper of Qazlal Stormbringer
   110 | D:2      | Reached * piety under Qazlal
   111 | D:2      | TREE of QAZ????
   140 | D:1      | Reached XP level 2. HP: 24/24 MP: 2/2
   196 | D:1      | Reached skill level 2 in Unarmed Combat
   397 | D:3      | Reached XP level 3. HP: 25/31 MP: 3/3
   404 | D:3      | Reached skill level 3 in Unarmed Combat
   446 | D:3      | Reached XP level 4. HP: 28/39 MP: 4/4
   504 | D:3      | Noticed Jessica
   509 | D:3      | Killed Jessica
   509 | D:3      | Reached skill level 4 in Unarmed Combat
   545 | D:4      | Reached ** piety under Qazlal
   550 | D:4      | Found a staircase to the Ecumenical Temple.
   614 | D:4      | Reached XP level 5. HP: 34/45 MP: 5/5
   656 | D:4      | Reached skill level 5 in Unarmed Combat
   656 | D:4      | Reached skill level 1 in Invocations
   701 | D:4      | Noticed an ogre
   706 | D:4      | Killed an ogre
   706 | D:4      | Reached XP level 6. HP: 53/53 MP: 6/6
   783 | D:5      | Entered Level 5 of the Dungeon
   784 | D:5      | Noticed an ice beast
   791 | D:5      | Killed an ice beast
   791 | D:5      | Reached skill level 6 in Unarmed Combat
   840 | D:5      | Reached XP level 7. HP: 19/59 MP: 6/8
   845 | D:5      | Learned a level 2 spell: Passwall
   849 | D:5      | Noticed Blork the orc
   857 | D:5      | HP: 1/59 [Blork the orc/magic dart (7)]
   859 | D:5      | Killed Blork the orc
   893 | D:5      | Noticed Pikel
   936 | D:5      | Killed Pikel
   936 | D:5      | Reached skill level 8 in Unarmed Combat
   936 | D:5      | Reached XP level 8. HP: 14/67 MP: 4/10
   936 | D:5      | Shot themself with a blast of ice

Vault maps used:
D:1:      dpeg_arrival_tiny_g, minmay_misc_feat_x
D:2:      ecumenical_altar_2
D:3:      tgw_trog, trog_three_pillars_becter, uniq_purgy, uniq_jessica
D:4:      nicolae_ru_the_path_less_chosen, minmay_temple_entry_hall
D:5:      nicolae_tso_besieged_by_evil, okawaru_gym_becter,
          makhleb_grotto_becter, gup_sewer_entry_bubbles, first_bread,
          grunt_pakellas_salt, uniq_pikel, uniq_blork_the_orc, uniq_duvessa

Skill      XL: |  1  2  3  4  5  6  7 |
---------------+----------------------+-----
Unarmed Combat | 1 2 3 4 5 6 8 |  8.1
Invocations    | 1 2 4 |  4.0
Dodging        | |  1.5
Stealth        | |  1.1
Spellcasting   | |  1.2
Transmutations | |  0.6
Earth Magic    | |  2.6

Action                   |  1- 3 |  4- 6 |  7- 9 || total
-------------------------+-------+-------+-------++-------
Melee: Unarmed           |   105 |   108 |    14 ||   227
       Punch             |     1 |     3 |       ||     4
Invok: Upheaval          |       |       |     2 ||     2
  Use: Scroll            |       |     7 |     4 ||    11
       Potion            |       |       |     3 ||     3
 Stab: Invisible         |       |       |     1 ||     1
  Eat: Chunk             |     9 |     2 |     1 ||    12
Armor: Robe              |    70 |    34 |     2 ||   106
Dodge: Dodged            |    59 |    39 |     4 ||   102
Block: Other             |     5 |     7 |       ||    12
